 Dungeon Crawl Stone Soup version 0.17.1-1-g73c8601 (webtiles) character file.

1932 Iskender the Destroyer (level 9, -3/45 HPs)
             Began as a Tengu Conjurer on Jan 3, 2016.
             Was an Initiate of Vehumet.
             Killed from afar by an electric eel (4 damage)
             ... with a bolt of electricity
             ... on level 6 of the Dungeon.
             The game lasted 00:44:49 (5408 turns).

Iskender the Destroyer (Tengu Conjurer)             Turns: 5408, Time: 00:44:49

Health: -3/45      AC:  3    Str: 10    XL:     9   Next: 17%
Magic:  3/15       EV: 12    Int: 18    God:    Vehumet [......]
Gold:   30         SH:  0    Dex: 14    Spells: 4 memorised, 3 levels left

rFire  . . .     SeeInvis .     a - +0 spear
rCold  . . .     Clarity  +     f - +0 robe
rNeg   . . .     SustAt   +     (no shield)
rPois  .         Gourm    .     (helmet restricted)
rElec  .         Spirit   .     s - +0 cloak
rCorr  .         Warding  .     (no gloves)
rMut   .         Stasis   .     (boots unavailable)
MR     .....                    r - amulet of clarity
Stlth  ++........               (no ring)
                                B - ring of sustain attributes

@: not resistant to hostile enchantments, unstealthy
A: beak, talons 3, able to fly 1
a: Fly, Renounce Religion


You were on level 6 of the Dungeon.
You worshipped Vehumet.
Vehumet was noncommittal.
You were hungry.

You visited 2 branches of the dungeon, and saw 7 of its levels.

You collected 210 gold pieces.
You spent 180 gold pieces at shops.

Inventory:

Hand Weapons
 a - a +0 spear (weapon)
 b - a +2 blowgun of evasion
 o - a +4 quarterstaff of chaos
 w - a +0 trident
 I - a +2 rapier of venom
Missiles
 k - a throwing net (quivered)
 m - 12 javelins
 v - 13 tomahawks
Armour
 e - a +0 buckler
 f - a +0 robe (worn)
 s - a +0 cloak (worn)
 u - a +1 leather armour of poison resistance
Jewellery
 r - an amulet of clarity (around neck)
 B - a ring of sustain attributes (left hand)
 E - an uncursed ring of teleportation
Wands
 g - a wand of magic darts (11)
Scrolls
 d - 3 scrolls of identify
 i - 2 scrolls of immolation
 j - 2 scrolls of remove curse
 q - a scroll of amnesia {unknown}
 x - a scroll of blinking {unknown}
 y - a scroll of teleportation
 z - a scroll of fear {unknown}
 G - a scroll of enchant weapon
Potions
 h - 5 potions of curing
 l - a potion of invisibility {unknown}
 t - a potion of berserk rage {unknown}
 F - 2 potions of mutation {unknown}
 K - a potion of poison {unknown}
Books
 C - a book of Conjurations

   Spells                             Type                      Level
   a - Magic Dart                     Conjuration                  1
   b - Searing Ray                    Conjuration                  2
   c - Dazzling Spray                 Conjuration/Hexes            3
   d - Fulminant Prism                Conjuration/Hexes            4
   e - Iskenderun's Mystic Blast      Conjuration                  4
   f - Iskenderun's Battlesphere      Conjuration/Charms           5
 H - a book of Dreams

   Spells                             Type                      Level
   a - Ensorcelled Hibernation        Hexes/Ice                    2
   b - Phase Shift                    Translocation                5
   c - Shadow Creatures               Summoning                    5
   d - Silence                        Hexes/Air                    5
   e - Darkness                       Hexes                        6
   f - Mass Confusion                 Hexes                        6
Comestibles
 c - 5 bread rations
 p - 3 fruits
 A - a beef jerky
 D - 2 meat rations


   Skills:
 - Level 4.6 Polearms
 - Level 2.2 Dodging
 - Level 2.0 Stealth
 - Level 3.6 Spellcasting
 + Level 12.8 Conjurations
 - Level 3.1 Charms


You had 3 spell levels left.
You knew the following spells:

 Your Spells              Type           Power        Failure   Level  Hunger
a - Magic Dart            Conj           ####         1%          1    None
b - Iskenderun's Mystic   Conj           #####...     1%          4    ####...
d - Iskenderun's Battles  Conj/Chrm      ####....     21%         5    ######.
Z - Searing Ray           Conj           #####.       1%          2    ##.....


Dungeon Overview and Level Annotations

Branches:
Dungeon (6/15)             Temple (1/1) D:6

Altars:
Dithmenos
Elyvilon
Fedhas
Kikubaaqudgha
Makhleb
Ru
Vehumet
Xom
Yredelemnul
The Shining One

Shops:
D:5 *


Innate Abilities, Weirdness & Mutations

You have a beak for a mouth.
You have claws for feet.
You can fly.


Message History

Aiming: Magic Dart
Press: ? - help, Shift-Dir - straight line, f - you
Okay, then.
Casting: Magic Dart
Confirm with . or Enter, or press ? or * to list all spells.
Aiming: Magic Dart
Press: ? - help, Shift-Dir - straight line, f/p - worker ant
Aim: a worker ant (almost dead)
The magic dart hits the worker ant.
You kill the worker ant!
Vehumet accepts your kill.
Eat which item? (? for menu, Esc to quit)
Okay, then.
An electric eel comes into view.
The electric eel shoots out a bolt of lightning at you!
The bolt of electricity hits you!
* * * LOW HITPOINT WARNING * * *
The electric eel shoots out a bolt of lightning at you!
The bolt of electricity hits you!
You die... ≈♣≈≈≈ ≈≈Pa.≈≈♣......PP≈≈P.≈.P≈ PPP≈♣

♣≈≈≈.≈≈♣≈.....≈P♣≈P≈PPP♣
≈≈≈P♣
♣≈≈≈.≈P♣≈.......P♣PPPP≈≈
P≈≈≈♣
♣♣≈PP.≈≈♣♣..#...P≈≈♣♣P♣≈♣
≈≈≈≈≈≈
♣P≈P≈.≈♣≈.........≈≈≈♣≈≈≈
P≈≈≈≈≈
PP≈P≈.≈≈.........P≈≈♣♣≈♣P
≈≈≈≈≈≈
≈≈≈≈≈.≈........#..≈≈♣≈≈≈P
......
........#......#..≈P≈≈≈P.
≈≈≈≈≈≈
;≈;≈≈...@......#..P.P≈PPP
≈≈≈≈≈
≈≈≈≈≈†♣#...........≈.PPP.
≈≈≈P≈
≈≈P≈≈≈♣..................
≈♣P≈≈
≈≈P≈P♣#................†.
#♣♣♣≈
≈PP≈♣...............[..<.
..♣♣
PP≈♣.....................
.(.♣♣♣
≈P♣##..................).
.....♣
.........(..........)#
.#####
..#...####..#........#


You could see an electric eel.

Vanquished Creatures
  Grinder (D:4)
  Eustachio (D:4)
  A water moccasin (D:5)
  A black bear (D:6)
  4 ogres
  3 giant frogs (D:6)
  A scorpion (D:5)
  A water moccasin skeleton (D:6)
  2 electric eels (D:6)
  A crimson imp (D:5)
  3 orc priests (D:4)
  A giant frog zombie (D:5)
  Crazy Yiuf (D:4)
  A centaur skeleton (D:5)
  6 orc wizards
  3 worker ants
  A hound skeleton (D:3)
  A worker ant zombie (D:5)
  Robin (D:4)
  5 adders
  8 gnolls
  An ooze (D:3)
  An adder skeleton (D:5)
  A worm (D:3)
  7 giant geckos
  22 orcs
  9 ball pythons
  A giant cockroach (D:5)
  4 hobgoblins
  8 jackals
  A kobold (D:3)
  3 quokkas
  3 bats
  2 giant cockroach zombies (D:5)
  4 giant newts
  9 goblins
  A quokka skeleton (D:4)
  2 rats (D:2)
126 creatures vanquished.

Notes
Turn   | Place    | Note
--------------------------------------------------------------
     0 | D:1      | Iskender the Tengu Conjurer began the quest for the Orb.
     0 | D:1      | Reached XP level 1. HP: 10/10 MP: 4/4
   671 | D:1      | Reached XP level 2. HP: 15/15 MP: 4/6
   681 | D:1      | Learned a level 2 spell: Searing Ray
   825 | D:2      | Reached skill level 6 in Conjurations
  1226 | D:2      | Reached XP level 3. HP: 19/19 MP: 5/7
  1356 | D:3      | Found a glowing golden altar of the Shining One.
  1505 | D:3      | Reached skill level 7 in Conjurations
  1521 | D:3      | Reached XP level 4. HP: 11/24 MP: 0/8
  1611 | D:3      | Learned a level 4 spell: Iskenderun's Mystic Blast
  1893 | D:3      | Reached skill level 1 in Polearms
  2214 | D:4      | Gained mutation: You can fly. [Tengu growth]
  2214 | D:4      | Reached XP level 5. HP: 18/28 MP: 6/9
  2381 | D:4      | Noticed Grinder
  2433 | D:4      | Noticed an ogre
  2458 | D:4      | Killed an ogre
  2458 | D:4      | Reached skill level 8 in Conjurations
  2458 | D:4      | Reached XP level 6. HP: 17/32 MP: 1/10
  2471 | D:4      | Found a shimmering altar of Xom.
  2710 | D:4      | Noticed Crazy Yiuf
  2719 | D:4      | Killed Crazy Yiuf
  2784 | D:4      | Reached skill level 9 in Conjurations
  2842 | D:4      | Noticed Robin
  2846 | D:4      | Killed Robin
  3046 | D:4      | Noticed Eustachio
  3219 | D:5      | Entered Level 5 of the Dungeon
  3261 | D:5      | Reached XP level 7. HP: 12/36 MP: 0/11
  3581 | D:5      | Found Nog Zadd's Serpentskin Sales.
  3581 | D:5      | Noticed a water moccasin
  3884 | D:5      | Learned a level 5 spell: Iskenderun's Battlesphere
  3946 | D:5      | Killed a water moccasin
  3946 | D:5      | Reached skill level 10 in Conjurations
  3986 | D:5      | Bought a +2 blowgun of evasion for 180 gold pieces
  4048 | D:5      | Reached XP level 8. HP: 18/41 MP: 6/14
  4112 | D:6      | Reached skill level 1 in Charms
  4204 | D:6      | Found a staircase to the Ecumenical Temple.
  4220 | Temple   | Entered the Ecumenical Temple
  4237 | Temple   | Became a worshipper of Vehumet
  4732 | D:6      | Reached skill level 11 in Conjurations
  5014 | D:4      | Killed Grinder
  5014 | D:4      | Reached skill level 12 in Conjurations
  5014 | D:4      | Reached XP level 9. HP: 39/45 MP: 0/15
  5027 | D:4      | Killed Eustachio
  5407 | D:6      | HP: 1/45 [electric eel/bolt of electricity (12)]
  5408 | D:6      | Killed from afar by an electric eel

Action                   |  1- 3 |  4- 6 |  7- 9 || total
-------------------------+-------+-------+-------++-------
Melee: Spear             |     9 |    88 |    89 ||   186
Throw: Stone             |       |     1 |       ||     1
       Throwing net      |       |       |     1 ||     1
 Cast: Magic Dart        |    37 |    48 |    49 ||   134
       Searing Ray       |     3 |    19 |    24 ||    46
       Iskenderun's Myst |       |     1 |     6 ||     7
       Iskenderun's Batt |       |       |     2 ||     2
 Abil: Fly               |       |     1 |       ||     1
  Use: Scroll            |       |     4 |     4 ||     8
       Potion            |       |     2 |       ||     2
 Stab: Distracted        |       |     1 |       ||     1
       Sleeping          |       |       |     1 ||     1
  Eat: Chunk             |     2 |     8 |     7 ||    17
       Fruit             |       |     1 |       ||     1
       Royal jelly       |       |       |     1 ||     1
